Map: Frostline LE

Players

wootwoot - Winner!

  • Race: Zerg Zerg
  • League: Bronze
  • Spawn Location: 7:00

Jackkhusky

  • Race: Terran Terran
  • League: Bronze
  • Spawn Location: 1:00

VOD

Have the link to the VOD?

Description

Time

  • Played on: April 21, 2025, 9:25 a.m.
  • Length: 4:47
Show
View Real Time Build Order
Export as new Build Order

wootwoot Zerg - Winner!

Build Orders: Pool Only, Ravager All-In 

Get SALT Encoding   

  12  0:00  Drone  
  13  0:08  Drone  
  14  0:25  Spawning Pool  
  13  0:29  Drone  
  13  0:32  Extractor  
  13  0:35  Drone  
  14  0:43  Extractor  
  14  0:44  Drone  
  14  0:50  Overlord  
  14  1:13  Roach Warren  
  13  1:19  Overlord  
  13  1:53  Roach x3  
  19  2:05  Roach  
  21  2:12  Ravager x3  
  24  2:22  Roach  
  26  2:26  Ravager  
  27  2:36  Roach  
  29  2:43  Ravager  
  30  2:54  Overlord  
  30  3:13  Ravager  
  30  3:15  Roach  
  33  3:40  Ravager  
  34  4:09  Roach x2  
Show
View Real Time Build Order
Export as new Build Order

Jackkhusky Terran 

Build Orders:  

Get SALT Encoding   

  12  0:03  SCV  
  13  0:15  SCV  
  14  0:23  Supply Depot  
  14  0:30  SCV  
  14  0:32  Supply Depot  
  15  0:45  SCV  
  16  0:57  SCV  
  17  1:07  Barracks  
  17  1:09  SCV  
  18  1:11  Refinery  
  18  1:16  Refinery  
  18  1:21  SCV  
  19  1:28  Supply Depot  
  19  1:33  SCV  
  20  1:45  SCV  
  21  1:55  Marine  
  21  1:57  SCV  
  23  2:09  SCV  
  23  2:13  Marine  
  25  2:17  Bunker  
  25  2:22  SCV  
  26  2:24  Supply Depot  
  26  2:29  Factory  
  26  2:31  Marine  
  26  2:34  SCV  
  26  2:35  Supply Depot  
  28  2:44  Engineering Bay  
  28  2:46  SCV  
  28  2:49  Marine  
  30  2:58  SCV  
  31  3:06  Supply Depot  
  31  3:07  Marine  
  30  3:15  Planetary Fortress  
  29  3:24  Marine  
  13  3:42  Marine  
  10  4:00  Marine  
Tags
 
Matchup
TvZ
Opening
Pool Only
Replay Pack
#1B2M-Replays
Spawn Locations
Cross Positions
Add a new tag
Caveats
  • Supply blocks, unpowered buildings, or Contaminate may cause inaccurate times.
  • Supply counts are checked every 10 seconds.